| TOP OF THE 1ST |
|
West Palm Beach Expos batting - Pitching for Dunedin Blue Jays : LHP Pete Filson
|
|
Pitching: LHP Pete Filson
|
|
|
Batting: RHB Roland Oruna
|
0-0: Called Strike 0-1: Swinging Strike 0-2: Foul Ball, location: 2F 0-2: SINGLE (Line Drive, 7S, EV 103.1 MPH)
|
|
Batting: RHB Steve Kiefer
|
0-0: Foul Ball, location: 2F 0-1: Ball 1-1: Ball 2-1: Foul Ball, location: 2F 2-2: Strikes out looking
|
|
Batting: SHB Terry Pendleton
|
0-0: Grounds into double play, 6-4-3 (Groundball, 6, EV 103.8 MPH)
|
| Top of the 1st over - 0 runs, 1 hit, 0 errors, 0 left on base; West Palm Beach 0 - Dunedin 0 |
| BOTTOM OF THE 1ST |
|
Dunedin Blue Jays batting - Pitching for West Palm Beach Expos : RHP Gabe Rubio
|
|
Pitching: RHP Gabe Rubio
|
|
|
Batting: SHB Dave Owen
|
0-0: Called Strike 0-1: Foul Ball, location: 2F 0-2: Ball 1-2: Strikes out looking
|
|
Batting: RHB Jose Canseco
|
0-0: Ball 1-0: Ground out 6-3 (Groundball, 56, EV 90.0 MPH)
|
|
Batting: RHB Dale Berra
|
0-0: Called Strike 0-1: Ball 1-1: Ball 2-1: Swinging Strike 2-2: SINGLE (Groundball, 6D, EV 104.4 MPH)
|
|
Batting: RHB David Hall
|
0-0: Ball 1-0: Ball 2-0: Ball 3-0: Base on Balls Dale Berra to second
|
|
Batting: RHB Robert Costantine
|
0-0: Called Strike 0-1: Ball 1-1: Swinging Strike 1-2: Foul Ball, location: 2F 1-2: Foul Ball, location: 2F 1-2: Foul Ball, location: 2F 1-2: Hit by Pitch Dale Berra to third David Hall to second
|
|
Batting: RHB Wil Culmer
|
0-0: Called Strike 0-1: Fly out, F9 (Line Drive, 9, EV 91.9 MPH)
|
| Bottom of the 1st over - 0 runs, 1 hit, 0 errors, 3 left on base; West Palm Beach 0 - Dunedin 0 |
| TOP OF THE 2ND |
|
West Palm Beach Expos batting - Pitching for Dunedin Blue Jays : LHP Pete Filson
|
|
Batting: SHB Mark Pirruccello
|
0-0: Ball 1-0: Called Strike 1-1: Called Strike 1-2: Strikes out swinging
|
|
Batting: RHB Don Berti
|
0-0: Foul Ball, location: 2F 0-1: Ball 1-1: Ball 2-1: Foul Ball, location: 2F 2-2: Ground out 6-3 (Groundball, 6, EV 105.0 MPH)
|
|
Batting: LHB Keith Hughes
|
0-0: Foul Ball, location: 2F 0-1: Ball 1-1: Called Strike 1-2: Strikes out swinging
|
| Top of the 2nd over - 0 runs, 0 hits, 0 errors, 0 left on base; West Palm Beach 0 - Dunedin 0 |
| BOTTOM OF THE 2ND |
|
Dunedin Blue Jays batting - Pitching for West Palm Beach Expos : RHP Gabe Rubio
|
|
Batting: RHB Eugene Pallavicini
|
0-0: Swinging Strike 0-1: Ball 1-1: Ball 2-1: Swinging Strike 2-2: Ball 3-2: Base on Balls
|
|
Batting: RHB Alex Taveras
|
0-0: Called Strike 0-1: Called Strike 0-2: Ball 1-2: Ball 2-2: Fly out, F9 (Flyball, 9D, EV 103.1 MPH)
|
|
Batting: RHB Dann Bilardello
|
0-0: Called Strike 0-1: Ball Eugene Pallavicini is caught stealing 2nd base 2-4 1-1: Fly out, F8 (Flyball, 8RD, EV 107.5 MPH)
|
| Bottom of the 2nd over - 0 runs, 0 hits, 0 errors, 0 left on base; West Palm Beach 0 - Dunedin 0 |
| TOP OF THE 3RD |
|
West Palm Beach Expos batting - Pitching for Dunedin Blue Jays : LHP Pete Filson
|
|
Batting: RHB Matthew Gundelfinger
|
0-0: Ground out 6-3 (Groundball, 6, EV 100.0 MPH)
|
|
Batting: RHB Pat Adams
|
0-0: Foul Ball, location: 2F 0-1: Ball 1-1: Ball 2-1: Ground out 6-3 (Groundball, 6, EV 90.0 MPH)
|
|
Batting: RHB Humberto Cardenas
|
0-0: Foul Ball, location: 2F 0-1: Ball 1-1: Fly out, F8 (Flyball, 8RS, EV 86.9 MPH)
|
| Top of the 3rd over - 0 runs, 0 hits, 0 errors, 0 left on base; West Palm Beach 0 - Dunedin 0 |
| BOTTOM OF THE 3RD |
|
Dunedin Blue Jays batting - Pitching for West Palm Beach Expos : RHP Gabe Rubio
|
|
Batting: SHB Dave Owen
|
0-0: Ball 1-0: Ball 2-0: Fly out, F8 (Flyball, 89M, EV 81.3 MPH)
|
|
Batting: RHB Jose Canseco
|
0-0: Called Strike 0-1: SINGLE (Groundball, 4MD, EV 100.6 MPH)
|
|
Batting: RHB Dale Berra
|
0-0: Ball Jose Canseco is caught stealing 2nd base 2-4 1-0: Ground out 5-3 (Groundball, 5L, EV 103.8 MPH)
|
| Bottom of the 3rd over - 0 runs, 1 hit, 0 errors, 0 left on base; West Palm Beach 0 - Dunedin 0 |
| TOP OF THE 4TH |
|
West Palm Beach Expos batting - Pitching for Dunedin Blue Jays : LHP Pete Filson
|
|
Batting: RHB Roland Oruna
|
0-0: Ball 1-0: Foul Ball, location: 2F 1-1: Foul Ball, location: 2F 1-2: Foul Ball, location: 2F 1-2: Ball 2-2: Ball 3-2: Foul Ball, location: 2F 3-2: Base on Balls
|
|
Batting: RHB Steve Kiefer
|
0-0: Foul Ball, location: 2F 0-1: Ball 1-1: Fly out, F9 (Flyball, 9S, EV 96.3 MPH)
|
|
Batting: SHB Terry Pendleton
|
0-0: Ball 1-0: Fly out, F9 (Flyball, 9D, EV 96.9 MPH)
|
|
Batting: SHB Mark Pirruccello
|
0-0: Swinging Strike 0-1: Ball 1-1: Ball 2-1: Fly out, F4 (Popup, 4, EV 73.8 MPH)
|
| Top of the 4th over - 0 runs, 0 hits, 0 errors, 1 left on base; West Palm Beach 0 - Dunedin 0 |
| BOTTOM OF THE 4TH |
|
Dunedin Blue Jays batting - Pitching for West Palm Beach Expos : RHP Gabe Rubio
|
|
Batting: RHB David Hall
|
0-0: SINGLE (Flyball, 7LS, EV 95.6 MPH)
|
|
Batting: RHB Robert Costantine
|
0-0: Foul Ball, location: 2F 0-1: Ball 1-1: Foul Ball, location: 2F 1-2: Ball 2-2: Strikes out swinging
|
|
Batting: RHB Wil Culmer
|
0-0: Foul Ball, location: 2F 0-1: Ball 1-1: Swinging Strike 1-2: Foul Ball, location: 2F 1-2: SINGLE (Line Drive, 56D, EV 100.0 MPH) David Hall to second
|
|
Batting: RHB Eugene Pallavicini
|
0-0: Called Strike 0-1: Called Strike 0-2: Ball 1-2: Foul Ball, location: 2F 1-2: Fielders Choice at 2nd, 6-4 (Groundball, 56, EV 103.1 MPH) David Hall to third
|
|
Batting: RHB Alex Taveras
|
0-0: Called Strike 0-1: Ball 1-1: Called Strike 1-2: Ball 2-2: Strikes out swinging
|
| Bottom of the 4th over - 0 runs, 2 hits, 0 errors, 2 left on base; West Palm Beach 0 - Dunedin 0 |
| TOP OF THE 5TH |
|
West Palm Beach Expos batting - Pitching for Dunedin Blue Jays : LHP Pete Filson
|
|
Batting: RHB Don Berti
|
0-0: Ball 1-0: SINGLE (Line Drive, 78S, EV 108.8 MPH)
|
|
Batting: LHB Keith Hughes
|
0-0: Called Strike 0-1: Ball 1-1: Foul Ball, location: 2F 1-2: Ball 2-2: Fly out, F7 (Line Drive, 7, EV 91.9 MPH)
|
|
Batting: RHB Matthew Gundelfinger
|
0-0: Called Strike 0-1: Swinging Strike 0-2: Ball 1-2: Single, Error in OF, E7, batter to second base (Groundball, 56D, EV 95.6 MPH) Don Berti to third
|
|
Batting: RHB Pat Adams
|
0-0: Ground out 4-3 (Groundball, 4, EV 98.8 MPH) Don Berti scores Matthew Gundelfinger to third
|
|
Batting: RHB Humberto Cardenas
|
0-0: Ball 1-0: Called Strike 1-1: Swinging Strike 1-2: Fly out, F9 (Flyball, 9S, EV 89.4 MPH)
|
| Top of the 5th over - 1 run, 2 hits, 1 error, 1 left on base; West Palm Beach 1 - Dunedin 0 |
| BOTTOM OF THE 5TH |
|
Dunedin Blue Jays batting - Pitching for West Palm Beach Expos : RHP Gabe Rubio
|
|
Batting: RHB Dann Bilardello
|
0-0: Ball 1-0: Ball 2-0: Fly out, F6 (Popup, 6D, EV 68.8 MPH)
|
|
Batting: SHB Dave Owen
|
0-0: Ball 1-0: Ball 2-0: Called Strike 2-1: Ball 3-1: Called Strike 3-2: Base on Balls
|
|
Batting: RHB Jose Canseco
|
0-0: Ball 1-0: Foul Ball, location: 2F 1-1: Ground out 4-3 (Groundball, 34, EV 103.8 MPH) Dave Owen to second
|
|
Batting: RHB Dale Berra
|
0-0: Ball 1-0: Fly out, F8 (Flyball, 8RXD, EV 97.5 MPH)
|
| Bottom of the 5th over - 0 runs, 0 hits, 0 errors, 1 left on base; West Palm Beach 1 - Dunedin 0 |
| TOP OF THE 6TH |
|
West Palm Beach Expos batting - Pitching for Dunedin Blue Jays : LHP Pete Filson
|
|
Batting: RHB Roland Oruna
|
0-0: Ball 1-0: Bunt for hit to 13 - play at first, batter OUT! 1-3
|
|
Batting: RHB Steve Kiefer
|
0-0: Called Strike 0-1: Foul Ball, location: 2F 0-2: Ball 1-2: Strikes out swinging
|
|
Batting: SHB Terry Pendleton
|
0-0: Called Strike 0-1: Ground out 5-3 (Groundball, 5, EV 85.6 MPH)
|
| Top of the 6th over - 0 runs, 0 hits, 0 errors, 0 left on base; West Palm Beach 1 - Dunedin 0 |
| BOTTOM OF THE 6TH |
|
Dunedin Blue Jays batting - Pitching for West Palm Beach Expos : RHP Gabe Rubio
|
|
Batting: RHB David Hall
|
0-0: Ball 1-0: Ball 2-0: Called Strike 2-1: Ball 3-1: Base on Balls
|
|
Batting: RHB Robert Costantine
|
0-0: Ball 1-0: Ball 2-0: Ball 3-0: Called Strike 3-1: Base on Balls David Hall to second
|
|
Batting: RHB Wil Culmer
|
0-0: Ball 1-0: Foul Ball, location: 2F 1-1: Foul Ball, location: 2F 1-2: Ball 2-2: Ball 3-2: SINGLE (Groundball, 6MD, EV 108.8 MPH) David Hall to third Robert Costantine to second Runner from 3rd tries for Home, SAFE, throw by CF to home
|
|
Batting: RHB Eugene Pallavicini
|
0-0: Bunt missed! 0-1: Ball 1-1: Bunted foul 1-2: Ball 2-2: Foul Ball, location: 2F 2-2: Ball 3-2: Base on Balls Robert Costantine to third Wil Culmer to second
|
|
Batting: RHB Alex Taveras
|
0-0: Swinging Strike 0-1: Ball 1-1: Ball 2-1: Ball 3-1: Called Strike 3-2: Foul Ball, location: 2F 3-2: SINGLE (Groundball, 25, EV 71.9 MPH) (infield hit) Robert Costantine scores Wil Culmer to third Eugene Pallavicini to second
|
|
Batting: RHB Dann Bilardello
|
0-0: SINGLE (Flyball, 89S, EV 82.5 MPH) Wil Culmer scores Eugene Pallavicini to third Alex Taveras to second Runner from 3rd tries for Home, SAFE, throw by RF to home Alex Taveras to third Dann Bilardello to second
|
|
Batting: SHB Dave Owen
|
0-0: Ball 1-0: Ground out 6-3 (Groundball, 56, EV 91.3 MPH) Alex Taveras scores
|
|
Batting: RHB Jose Canseco
|
0-0: Ball 1-0: Called Strike 1-1: Swinging Strike 1-2: Ball 2-2: Fly out, F2 (Popup, 2LF, EV 96.3 MPH)
|
|
Batting: RHB Dale Berra
|
0-0: Ball 1-0: Swinging Strike 1-1: Ball 2-1: SINGLE (Line Drive, 5D, EV 96.3 MPH) Dann Bilardello to third
|
|
Pitching: RHP Francis McQuade
|
|
|
Batting: RHB David Hall
|
0-0: Foul Ball, location: 2F 0-1: Ball 1-1: Called Strike 1-2: Ball 2-2: Ball 3-2: Reached on error, E6 (Groundball, 6S, EV 85.0 MPH) Dann Bilardello scores Dale Berra to third
|
|
Batting: RHB Robert Costantine
|
0-0: Foul Ball, location: 2F 0-1: Swinging Strike 0-2: Ball 1-2: Ball 2-2: Foul Ball, location: 2F 2-2: Ball 3-2: Foul Ball, location: 2F 3-2: Ground out 5-3 (Groundball, 56, EV 82.5 MPH)
|
| Bottom of the 6th over - 6 runs, 4 hits, 1 error, 2 left on base; West Palm Beach 1 - Dunedin 6 |
| TOP OF THE 7TH |
|
West Palm Beach Expos batting - Pitching for Dunedin Blue Jays : LHP Pete Filson
|
|
Batting: SHB Mark Pirruccello
|
0-0: Ball 1-0: Called Strike 1-1: Ball 2-1: Foul Ball, location: 2F 2-2: Foul Ball, location: 2F 2-2: Strikes out looking
|
|
Batting: RHB Don Berti
|
0-0: Ball 1-0: Swinging Strike 1-1: Called Strike 1-2: Ball 2-2: Strikes out swinging
|
|
Batting: LHB Keith Hughes
|
0-0: Ground out 3-1 (Groundball, 34, EV 107.5 MPH)
|
| Top of the 7th over - 0 runs, 0 hits, 0 errors, 0 left on base; West Palm Beach 1 - Dunedin 6 |
| BOTTOM OF THE 7TH |
|
Dunedin Blue Jays batting - Pitching for West Palm Beach Expos : RHP Francis McQuade
|
|
Batting: RHB Wil Culmer
|
0-0: Ball 1-0: Called Strike 1-1: Ball 2-1: Ball 3-1: Foul Ball, location: 2F 3-2: Base on Balls
|
|
Batting: RHB Eugene Pallavicini
|
0-0: Ball 1-0: Fly out, F8 (Flyball, 8RD, EV 98.8 MPH)
|
|
Batting: RHB Alex Taveras
|
0-0: Ball 1-0: Called Strike 1-1: Fielders Choice at 2nd, 4-6 (Groundball, 4, EV 88.8 MPH)
|
|
Batting: RHB Dann Bilardello
|
0-0: Foul Ball, location: 2F 0-1: Swinging Strike 0-2: Strikes out looking
|
| Bottom of the 7th over - 0 runs, 0 hits, 0 errors, 1 left on base; West Palm Beach 1 - Dunedin 6 |
| TOP OF THE 8TH |
|
West Palm Beach Expos batting - Pitching for Dunedin Blue Jays : LHP Pete Filson
|
|
Batting: RHB Matthew Gundelfinger
|
0-0: Ball 1-0: Ball 2-0: Foul Ball, location: 2F 2-1: Foul Ball, location: 2F 2-2: Foul Ball, location: 2F 2-2: Foul Ball, location: 2F 2-2: Ball 3-2: Foul Ball, location: 2F 3-2: Base on Balls
|
|
Batting: RHB Pat Adams
|
0-0: Swinging Strike 0-1: Ball 1-1: Foul Ball, location: 2F 1-2: Foul Ball, location: 2F 1-2: Strikes out looking
|
|
Batting: RHB Humberto Cardenas
|
0-0: Ball 1-0: Foul Ball, location: 2F 1-1: Ball 2-1: Foul Ball, location: 2F 2-2: Grounds into double play, 3-6-1 (Groundball, 3, EV 110.6 MPH)
|
| Top of the 8th over - 0 runs, 0 hits, 0 errors, 0 left on base; West Palm Beach 1 - Dunedin 6 |
| BOTTOM OF THE 8TH |
|
Dunedin Blue Jays batting - Pitching for West Palm Beach Expos : RHP Francis McQuade
|
|
Batting: SHB Dave Owen
|
0-0: Called Strike 0-1: Foul Ball, location: 2F 0-2: SINGLE (Groundball, 34D, EV 95.6 MPH)
|
|
Batting: RHB Jose Canseco
|
0-0: Ball 1-0: Ball 2-0: 2-RUN HOME RUN (Line Drive, 9D, EV 108.8 MPH), Distance : 404 ft
|
|
Pinch Hitting: RHB Scott Richartz
|
0-0: Called Strike 0-1: Swinging Strike 0-2: Ground out 5-3 (Groundball, 56S, EV 86.3 MPH)
|
|
Batting: RHB David Hall
|
0-0: Ball 1-0: Ball 2-0: Ball 3-0: Base on Balls
|
|
Batting: RHB Robert Costantine
|
0-0: Called Strike 0-1: Foul Ball, location: 2F 0-2: Strikes out swinging
|
|
Batting: RHB Wil Culmer
|
0-0: Foul Ball, location: 2F 0-1: Ball 1-1: Fly out, F8 (Flyball, 8RXD, EV 98.1 MPH)
|
| Bottom of the 8th over - 2 runs, 2 hits, 0 errors, 1 left on base; West Palm Beach 1 - Dunedin 8 |
| TOP OF THE 9TH |
|
West Palm Beach Expos batting - Pitching for Dunedin Blue Jays : LHP Pete Filson
|
|
Now at SS: Scott Richartz
|
|
|
Batting: RHB Roland Oruna
|
0-0: Ground out 6-3 (Groundball, 6M, EV 111.3 MPH)
|
|
Pinch Hitting: RHB Gregory Dikos
|
0-0: Ball 1-0: Foul Ball, location: 2F 1-1: Swinging Strike 1-2: Ball 2-2: Ground out U3 (Groundball, 34, EV 105.6 MPH)
|
|
Batting: SHB Terry Pendleton
|
0-0: Ball 1-0: Ground out 5-3 (Groundball, 56, EV 80.6 MPH)
|
| Top of the 9th over - 0 runs, 0 hits, 0 errors, 0 left on base; West Palm Beach 1 - Dunedin 8 |
|